 Dungeon Crawl Stone Soup version 0.28.0-53-g5a82cb258f (webtiles) character file.

Game seed: 15247684782331543973

935 Infinimo the Cudgeller (level 8, -5/126 HPs)
             Began as an Ogre Gladiator on June 3, 2022.
             Was a Follower of Okawaru.
             Slain by a vampire mosquito (9 damage)
             ... on level 6 of the Dungeon.
             The game lasted 00:07:07 (7325 turns).

Infinimo the Cudgeller (Ogre Gladiator)             Turns: 7325, Time: 00:07:08

Health: -5/126     AC:  4    Str: 21    XL:     8   Next: 11%
Magic:  8/8        EV: 11    Int:  9    God:    Okawaru [*.....]
Gold:   243        SH:  0    Dex: 10    Spells: 7/7 levels left

rFire   . . .      SeeInvis .   a - +1 flail
rCold   . . .      Faith    .   (no shield)
rNeg    . . .      Spirit   .   b - +0 robe
rPois   .          Reflect  .   c - +1 hat
rElec   .          Harm     .   (no cloak)
rCorr   .          Rampage  .   (gloves unavailable)
Will    .....                   (boots unavailable)
Stlth   ..........              e - amulet of magic regeneration
HPRegen 0.31/turn               (no ring)
MPRegen 0.51/turn               (no ring)

@: berserking, very quick
A: large, unfitting armour, tough skin 1
a: Renounce Religion, Heroism


You were on level 6 of the Dungeon.
You worshipped Okawaru.
Okawaru was aware of your devotion.
You visited 2 branches of the dungeon, and saw 7 of its levels.

You collected 243 gold pieces.

Inventory:

Hand Weapons
 a - a +1 flail (weapon)
Missiles
 d - 2 throwing nets (quivered)
 h - 3 poisoned darts
 o - 4 large rocks
Armour
 b - a +0 robe (worn)
 c - a +1 hat (worn)
Jewellery
 e - an amulet of magic regeneration (around neck)
Wands
 j - a wand of polymorph (3)
Scrolls
 f - a scroll of identify
 p - a scroll of silence
Potions
 g - a potion of cancellation
 i - 4 potions of flight
 l - a potion of curing {unknown}
 n - a potion of haste {unknown}


   Skills:
 + Level 6.4 Fighting
 * Level 6.4 Maces & Flails
 - Level 2.0 Throwing
 + Level 4.9 Dodging


You had 7 spell levels left.
You didn't know any spells.
Your spell library contained the following spells:

 Spells                   Type           Power      Damage    Failure   Level
 Magic Dart               Conj           0%         1d3       38%         1
 Ensorcelled Hibernation  Hex/Ice        0%         N/A       52%         2
 Passwall                 Tmut/Erth      0%         N/A       52%         2
 Searing Ray              Conj           0%         2d4       52%         2
 Swiftness                Air            0%         N/A       77%         3
 Fulminant Prism          Conj/Hex       0%         3d6       99%         4


Dungeon Overview and Level Annotations

Branches:
Dungeon (6/15)             Temple (1/1) D:4

Altars:
Ashenzari
Cheibriados
Dithmenos
Elyvilon
Fedhas
Hepliaklqana
Kikubaaqudgha
Makhleb
Okawaru
Qazlal
Ru
Sif Muna
Trog
Vehumet
Wu Jian
Xom
Yredelemnul
Zin
The Shining One


Innate Abilities, Weirdness & Mutations

You are too large for most types of armour.
You have tough skin. (AC +1)


Message History

The vampire mosquito draws strength from your injuries!
The vampire mosquito bites you but does no damage.
The vampire mosquito bites you.
The vampire mosquito draws strength from your injuries!
You barely miss the vampire mosquito. The vampire mosquito bites you.
The vampire mosquito draws strength from your injuries!
The vampire mosquito bites you.
* * * LOW HITPOINT WARNING * * *
The vampire mosquito draws strength from your injuries!
You barely miss the vampire mosquito.
The vampire mosquito closely misses you.
The vampire mosquito bites you.
* * * LOW HITPOINT WARNING * * *
The vampire mosquito draws strength from your injuries!
As you read the scroll labelled JOZEHIKUANN, it crumbles to dust.
It is a scroll of enchant weapon.
Your +0 flail glows red for a moment.
The vampire mosquito bites you!
* * * LOW HITPOINT WARNING * * *
The vampire mosquito draws strength from your injuries!
The vampire mosquito bites you but does no damage.
As you read the scroll labelled ROGIVUAM IJEM, it crumbles to dust.
It is a scroll of amnesia.
You feel forgetful for a moment. The vampire mosquito bites you!
* * * LOW HITPOINT WARNING * * *
The vampire mosquito draws strength from your injuries!
The vampire mosquito bites you.
* * * LOW HITPOINT WARNING * * *
The vampire mosquito draws strength from your injuries!
It was a potion of berserk rage.
A red film seems to cover your vision as you go berserk!
You feel yourself moving faster!
You feel mighty!
The vampire mosquito bites you but does no damage.
You closely miss the vampire mosquito. The vampire mosquito bites you.
* * * LOW HITPOINT WARNING * * *
The vampire mosquito draws strength from your injuries!
The vampire mosquito barely misses you.
You sock the vampire mosquito!
The vampire mosquito is heavily damaged.
The vampire mosquito bites you!
You die...

..#.#.....#####...# .. ..
....<#... .......# .###.#.
###...............# .......
#"...#.#..).......##.....##
#......## ................y
#.......###### #.#.#
.#.#.........# #.†.#
...#.....###.####y#.......
#........###.#..@.###.#...
................### .# .
.........(......# #
..................#
................#...#
......#......######..
......####.#.# # ......#
#.#.# ......# #.#..


You could see a vampire mosquito.

Vanquished Creatures
  A black bear (D:4)
  A necrophage (D:6)
  A centaur (D:5)
  An ogre (D:4)
  A phantom (D:5)
  A howler monkey (D:3)
  A centaur zombie (D:5)
  3 bullfrog zombies
  2 hounds
  An orc priest (D:5)
  An iguana (D:4)
  2 orc wizards
  A hound zombie (D:5)
  A hound skeleton (D:5)
  Robin (D:2)
  4 gnolls
  2 adders
  An ufetubus (D:4)
  A worm (D:4)
  2 dart slugs (D:1)
  3 orcs
  6 ball pythons
  4 bats
  6 endoplasms
  A giant cockroach (D:1)
  16 goblins
  9 hobgoblins
  2 jackals (D:2)
  7 quokkas
  2 frilled lizards
  3 kobolds
  5 rats
93 creatures vanquished.

Notes
Turn   | Place    | Note
-------+----------+-------------------------------------------
     0 | D:1      | Infinimo the Ogre Gladiator began the quest for the Orb.
     0 | D:1      | Reached XP level 1. HP: 22/22 MP: 1/1
   130 | D:1      | Reached XP level 2. HP: 29/29 MP: 2/2
   770 | D:1      | Reached XP level 3. HP: 30/37 MP: 3/3
  1805 | D:2      | Noticed Robin
  2118 | D:2      | Killed Robin
  2119 | D:2      | Reached XP level 4. HP: 31/44 MP: 4/4
  2750 | D:3      | Found a faded altar of an unknown god.
  3383 | D:2      | Reached XP level 5. HP: 33/54 MP: 5/5
  3649 | D:3      | Found a basalt altar of Yredelemnul.
  4033 | D:4      | Found an iron altar of Okawaru.
  4034 | D:4      | Noticed a black bear
  4293 | D:4      | Noticed an ogre
  4308 | D:4      | Killed an ogre
  4309 | D:4      | Reached XP level 6. HP: 46/63 MP: 6/6
  4526 | D:4      | Found a snail-covered altar of Cheibriados.
  4544 | D:4      | Killed a black bear
  4545 | D:4      | Reached skill level 5 in Fighting
  4545 | D:4      | Reached skill level 5 in Maces & Flails
  4602 | D:4      | Found a staircase to the Ecumenical Temple.
  4858 | Temple   | Entered the Ecumenical Temple
  5123 | D:4      | Became a worshipper of Warmaster Okawaru
  5177 | D:5      | Entered Level 5 of the Dungeon
  5240 | D:5      | Reached XP level 7. HP: 65/72 MP: 7/7
  6522 | D:5      | Reached * piety under Okawaru
  7173 | D:6      | Reached XP level 8. HP: 68/83 MP: 8/8
  7324 | D:6      | HP: 4/126 [vampire mosquito (4)]
  7325 | D:6      | Slain by a vampire mosquito

Illustrated notes

Levels and vault maps discovered:
D:1:      ebering_trefoil_3fold, layout_loops_corners, serial_bayou_pond_a,
          fountainhead
D:2:      layout_loops_corners, hangedman_abyss_or_decor_lesser_grid,
          kennysheep_nub, uniq_robin
D:3:      layout_loops_ring, nicolae_overflow_crystal_walls,
          hellmonk_ecumenical_altar_pennies_from_heaven,
          kennysheep_cross_bottleneck
D:4:      layout_basic, grunt_temple_overflow_open, temple_doors_e
D:5:      layout_gridville
D:6:      nicolae_cairo_tiling_large_dashed, layout_basic
Temple:   compressed_dpeg_circular_temple

Skill      XL: |  1  2  3  4  5  6  7 |
---------------+----------------------+-----
Fighting       | 3 4 5 6 |  6.4
Maces & Flails | 3 4 5 6 |  6.4
Dodging        | 3 4 |  4.9
Throwing       | |  2.0

Action                   |  1- 3 |  4- 6 |  7- 9 || total
-------------------------+-------+-------+-------++-------
Melee: Flail             |   121 |   123 |   134 ||   378
       Punch             |     2 |     1 |     1 ||     4
Throw: Dart              |       |     9 |       ||     9
       Throwing net      |       |     3 |       ||     3
  Use: Scroll            |       |       |     7 ||     7
       Potion            |       |       |     1 ||     1
Armor: Robe              |    27 |    28 |    45 ||   100
Dodge: Dodged            |    66 |    67 |    88 ||   221
